 Dungeon Crawl Stone Soup version 0.28.0 (webtiles) character file.

Game seed: 13736050807033652932

14 DemonSlayer the Magician (level 2, -1/15 HPs)
             Began as a Deep Elf Hedge Wizard on Feb 6, 2022.
             Slain by a hobgoblin (4 damage)
             ... on level 1 of the Dungeon.
             The game lasted 00:01:18 (563 turns).

DemonSlayer the Magician (Deep Elf Hedge Wizard)     Turns: 563, Time: 00:01:19

Health: -1/15      AC:  2    Str:  7    XL:     2   Next: 31%
Magic:  1/10       EV: 12    Int: 18    God:
Gold:   22         SH:  0    Dex: 14    Spells: 10/11 levels left

rFire   . . .      SeeInvis .   a - +0 dagger
rCold   . . .      Faith    .   (no shield)
rNeg    . . .      Spirit   .   b - +0 robe
rPois   .          Reflect  .   c - +0 hat
rElec   .          Harm     .   (no cloak)
rCorr   .          Rampage  .   (no gloves)
Will    .....                   (no boots)
Stlth   ++........              (no amulet)
HPRegen 0.05/turn               (no ring)
MPRegen 0.12/turn               (no ring)

@: very slightly contaminated
A: no striking features
a: no special abilities


You were on level 1 of the Dungeon.
You visited 1 branch of the dungeon, and saw 1 of its levels.

You collected 22 gold pieces.

Inventory:

Hand Weapons
 a - a +0 dagger (weapon)
Armour
 b - a +0 robe (worn)
 c - a +0 hat (worn)
Potions
 d - a potion of heal wounds {unknown}


   Skills:
 + Level 2.6 Dodging
 + Level 2.5 Stealth
 + Level 5.1 Spellcasting
 + Level 1.2 Conjurations
 + Level 1.1 Summonings
 + Level 1.1 Translocations


You had 10 spell levels left.
You knew the following spells:

 Your Spells              Type           Power      Damage    Failure   Level
a - Magic Dart            Conj           36%        1d4       8%          1

Your spell library contained the following spells:

 Spells                   Type           Power      Damage    Failure   Level
 Slow                     Hex            16%        N/A       13%         1
 Blink                    Tloc           16%        N/A       13%         2
 Call Imp                 Summ           8%         N/A       13%         2
 Conjure Flame            Conj/Fire      6%         6-21      30%         3
 Mephitic Cloud           Conj/Pois/Air  6%         N/A       32%         3


Dungeon Overview and Level Annotations

Branches:
Dungeon (1/15)

Altars:


Message History

Found a hunting sling.
The bat closely misses you. The bat hits you but does no damage. x2
The bat misses you.
The bat hits you but does no damage. x2; The bat closely misses you.
A hobgoblin comes into view.
The bat hits you. The bat closely misses you.
The magic dart hits the bat.
The bat is severely wounded.
The bat hits you but does no damage. The bat hits you.
The bat barely misses you.
The quokka bites the fungus.
The fungus begins to die.
The magic dart hits the bat.
You kill the bat!
The hobgoblin shouts!
The bat closely misses you.
The quokka bites the fungus.
The magic dart hits the bat.
The bat is heavily wounded.
The bat hits you but does no damage.
The bat hits the fungus.
The quokka bites you.
The magic dart hits the quokka.
The quokka is heavily wounded.
The bat hits you but does no damage.
The rat bites the fungus.
The quokka barely misses you.
You miscast Magic Dart.
You are very lightly contaminated with residual magic.
Nothing appears to happen.
A nearby fungus withers and dies.
The bat barely misses you. The quokka closely misses you.
An endoplasm comes into view.
The bat hits you but does no damage. The hobgoblin closely misses you.
The quokka bites you.
* * * LOW HITPOINT WARNING * * *
The hobgoblin barely misses you. The bat misses you. The bat barely misses you.
The bat barely misses you.
A bat comes into view.
The hobgoblin closely misses you. The bat hits you.
* * * LOW HITPOINT WARNING * * *
Found 21 bolts.
The bat misses you. The hobgoblin hits you.
You die...

####+# . (.... . .... #.
...# #.# ... ... ..
#.##.###.# #........#
###@b###.#. #..rg......
###.#.#g.###.#.
......r.K...... ##
.##.#.#..###.##########.
#.#.#..# #.#.rK.K.g... #
# #..# #...########K
#..###...### .r...
#..........##.....


You could see a quokka, 2 hobgoblins, a bat, a kobold and a rat.

Vanquished Creatures
  A bat (D:1)
  2 endoplasms (D:1)
  A giant cockroach (D:1)
  2 hobgoblins (D:1)
  2 jackals (D:1)
  A quokka (D:1)
  2 goblins (D:1)
11 creatures vanquished.

Vanquished Creatures (others)
  A fungus (D:1)
1 creature vanquished.

Grand Total: 12 creatures vanquished

Notes
Turn   | Place    | Note
-------+----------+-------------------------------------------
     0 | D:1      | DemonSlayer the Deep Elf Hedge Wizard began the quest for
                  | the Orb.
     0 | D:1      | Reached XP level 1. HP: 10/10 MP: 7/7
   319 | D:1      | Reached skill level 5 in Spellcasting
   450 | D:1      | Reached XP level 2. HP: 15/15 MP: 8/10
   546 | D:1      | Found a faded altar of an unknown god.
   563 | D:1      | Slain by a hobgoblin

Illustrated notes

Levels and vault maps discovered:
D:1:      doesnt_arrival_eight_statues, layout_basic,
          shapermc_ecumenical_altar_acropolis, minmay_misc_feat_hallway,
          nrook_mini_backslash

Skill      XL: |  1 |
---------------+----+-----
Spellcasting   | 5 |  5.1
Dodging        | |  2.6
Stealth        | |  2.5
Conjurations   | |  1.2
Summonings     | |  1.1
Translocations | |  1.1

Action                   || total
-------------------------++-------
Melee: Dagger            ||     4
 Cast: Magic Dart        ||    41
Armor: Robe              ||    14
Dodge: Dodged            ||    32
